 Dungeon Crawl Stone Soup version 0.29.0-4-gdea44cf6ec (webtiles) character file.

Game seed: 896536911331021047

11 qw the Chopper (level 2, 0/17 HPs)
             Began as a Tengu Warper on Aug 29, 2022.
             Slain by a gnoll
             ... wielding a +0 spear
              (4 damage)
             ... on level 1 of the Dungeon.
             The game lasted 00:00:04 (848 turns).

qw the Chopper (Tengu Warper)                        Turns: 848, Time: 00:00:05

Health: 0/17       AC:  3    Str: 11    XL:     2   Next: 25%
Magic:  6/6        EV: 11    Int: 13    God:
Gold:   0          SH:  0    Dex: 13    Spells: 5/5 levels left

rFire   . . .      SeeInvis .   a - +0 hand axe
rCold   . . .      Faith    .   (no shield)
rNeg    . . .      Spirit   .   b - +0 leather armour
rPois   .          Reflect  .   (helmet restricted)
rElec   .          Harm     .   (no cloak)
rCorr   .          Rampage  .   (no gloves)
Will    .....                   (boots unavailable)
Stlth   +.........              (no amulet)
HPRegen 0.05/turn               (no ring)
MPRegen 0.10/turn               (no ring)

@: no status effects
A: beak, talons 3
a: no special abilities


You were on level 1 of the Dungeon.
You visited 1 branch of the dungeon, and saw 1 of its levels.


Innate Abilities, Weirdness & Mutations

You have a beak for a mouth.
You have claws for feet.


   Skills:
 - Level 2.0 Fighting
 + Level 3.2 Axes
 - Level 1.0 Throwing
 - Level 1.1 Armour
 - Level 2.1 Dodging
 - Level 2.0 Spellcasting
 - Level 2.4 Translocations


You had 5 spell levels left.
You didn't know any spells.
Your spell library contained the following spells:

 Spells                   Type           Power      Damage    Failure   Level
 Blink                    Tloc           14%        N/A       19%         2
 Gell's Gravitas          Tloc           7%         N/A       36%         3
 Lesser Beckoning         Tloc           7%         N/A       36%         3
 Teleport Other           Tloc           7%         N/A       36%         3
 Manifold Assault         Tloc           7%         N/A       98%         5

Inventory:

Hand Weapons
 a - a +0 hand axe (weapon)
Armour
 b - a +0 leather armour (worn)
 e - a +0 pair of gloves
Scrolls
 c - a scroll of blinking
 d - a scroll of enchant weapon {unknown}
Potions
 f - 2 potions of haste {unknown}
 g - a potion of experience {unknown}
 h - a potion of curing {unknown}

Dungeon Overview and Level Annotations

Branches:
Dungeon (1/15)

Altars:

Shops:
D:1 ?


Message History

The frilled lizard bites you but does no damage.
You hit the frilled lizard but do no damage.
The frilled lizard bites you but does no damage.
The frilled lizard barely misses you.
You closely miss the frilled lizard. The frilled lizard barely misses you.
You miss the frilled lizard.
You peck the frilled lizard, but do no damage.
The frilled lizard bites you but does no damage.
You closely miss the frilled lizard. Your peck misses the frilled lizard.
The frilled lizard bites you.
You hit the frilled lizard but do no damage.
You claw the frilled lizard. You peck the frilled lizard.
You kill the frilled lizard!
You start resting.
HP restored.
The gnoll shouts!
You see here a frilled lizard corpse.
835 ||| Stepping ~*~*~tactically~*~*~ (hiding).
You start waiting.
A gnoll is nearby!
837 ||| Stepping ~*~*~tactically~*~*~ (hiding).
You start waiting.
A gnoll is nearby!
The gnoll hits you from afar with a +0 spear.
The gnoll closely misses you.
You see here a frilled lizard corpse.
You completely miss the gnoll. You claw the gnoll, but do no damage.
The gnoll barely misses you.
You closely miss the gnoll. Your kick misses the gnoll.
The gnoll hits you but does no damage.
You hit the gnoll but do no damage. Your kick misses the gnoll.
The gnoll misses you.
You hit the gnoll. Your kick misses the gnoll.
The gnoll is lightly wounded.
The gnoll hits you with a +0 spear. x2
You barely miss the gnoll.
The gnoll is lightly wounded.
The gnoll hits you with a +0 spear.
You die...

..._......###
...##.\..## .. (....
......%..# .# .....
.........## .# .....#
..........# ##.# .....#
.......##...##..##.....#
#.####.# ##..... .....#
#.####.#######.##g..#
....[.......##..@..#
#.#.........##..##.#
#.#...[..)......# #
............#.###
#.##########..#
#.#######....##
#.........####
###########


You could see a gnoll.

Vanquished Creatures
  A dart slug (D:1)
  A bat (D:1)
  3 endoplasms (D:1)
  A giant cockroach (D:1)
  2 frilled lizards (D:1)
8 creatures vanquished.

Notes
Turn   | Place    | Note
-------+----------+-------------------------------------------
     0 | D:1      | qw the Tengu Warper began the quest for the Orb.
     0 | D:1      | Reached XP level 1. HP: 12/12 MP: 4/4
     0 | D:1      | 0 ||| qw: Version: 0.1-a-89-g26bdef1
     0 | D:1      | 0 ||| qw: Game counter: 3583
     0 | D:1      | 0 ||| qw: Always use a shield: true
     0 | D:1      | 0 ||| qw: God list: Okawaru
     0 | D:1      | 0 ||| qw: Allow faded altars: false
     0 | D:1      | 0 ||| qw: Do Orc after D:15 true
     0 | D:1      | 0 ||| qw: Do second Lair branch before Depths: true
     0 | D:1      | 0 ||| qw: Lair rune preference: random
     0 | D:1      | 0 ||| qw: Plans: Normal
     0 | D:1      | 0 ||| PLANNING D:1-11
     2 | D:1      | Noticed a troll
     2 | D:1      | Noticed a palentonga
     4 | D:1      | Noticed an elf
     4 | D:1      | Noticed a formicid
     6 | D:1      | Noticed a merfolk
     6 | D:1      | Noticed a vine stalker
     8 | D:1      | Noticed a demigod
     8 | D:1      | Noticed a naga
    10 | D:1      | Noticed a draconian
    10 | D:1      | Noticed a human
    12 | D:1      | Noticed a tengu
    14 | D:1      | Noticed a spriggan
    14 | D:1      | Noticed a vampire
    16 | D:1      | Noticed an octopode
    16 | D:1      | Noticed a ghoul
    18 | D:1      | Noticed a felid
    18 | D:1      | Noticed a gargoyle
    20 | D:1      | Noticed an ogre
    22 | D:1      | Noticed a minotaur
    22 | D:1      | Noticed a demonspawn
    24 | D:1      | Noticed a meteoran
    24 | D:1      | Noticed a minotaur
    26 | D:1      | Noticed a formicid
    26 | D:1      | Noticed a troll
    29 | D:1      | Found Allen's Magic Scroll Emporium.
    32 | D:1      | Found a faded altar of an unknown god.
    36 | D:1      | 36 ||| Stepping ~*~*~tactically~*~*~ (hiding).
   138 | D:1      | 138 ||| Stepping ~*~*~tactically~*~*~ (hiding).
   240 | D:1      | 240 ||| Stepping ~*~*~tactically~*~*~ (hiding).
   342 | D:1      | 342 ||| Stepping ~*~*~tactically~*~*~ (hiding).
   444 | D:1      | 444 ||| Stepping ~*~*~tactically~*~*~ (hiding).
   546 | D:1      | 546 ||| Stepping ~*~*~tactically~*~*~ (hiding).
   648 | D:1      | 648 ||| Stepping ~*~*~tactically~*~*~ (hiding).
   649 | D:1      | 649 ||| Stepping ~*~*~tactically~*~*~ (hiding).
   651 | D:1      | 651 ||| Stepping ~*~*~tactically~*~*~ (hiding).
   652 | D:1      | 652 ||| Stepping ~*~*~tactically~*~*~ (hiding).
   654 | D:1      | 654 ||| Stepping ~*~*~tactically~*~*~ (hiding).
   705 | D:1      | 705 ||| SHOPLISTING scroll of brand weapon (114 gold, have
                  | 0).
   721 | D:1      | Reached skill level 3 in Axes
   721 | D:1      | Reached XP level 2. HP: 17/17 MP: 6/6
   775 | D:1      | 775 ||| Stepping ~*~*~tactically~*~*~ (hiding).
   835 | D:1      | 835 ||| Stepping ~*~*~tactically~*~*~ (hiding).
   837 | D:1      | 837 ||| Stepping ~*~*~tactically~*~*~ (hiding).
   847 | D:1      | HP: 4/17 [gnoll/+0 spear (3)]
   848 | D:1      | Slain by a gnoll

Levels and vault maps discovered:
D:1:      kb_arrival_jail, layout_rooms, serial_shops, shop,
          ebering_ecumenical_altar_rust, minmay_pentomino_v2

Skill      XL: |  1 |
---------------+----+-----
Axes           | 3 |  3.2
Fighting       | |  2.0
Throwing       | |  1.0
Armour         | |  1.1
Dodging        | |  2.1
Spellcasting   | |  2.0
Translocations | |  2.4

Action                   || total
-------------------------++-------
Melee: Hand axe          ||    17
       Peck              ||     4
       Kick              ||     2
Throw: Boomerang         ||     7
Armor: Leather armour    ||     6
Dodge: Dodged            ||     7

Table legend:
 A = Non-vault XP
 B = Vault XP
 C = Vault XP percentage of total XP
 D = Non-vault monster count
 E = Vault monster count
 F = Vault count percentage of total count
                 A         B        C        D         E       F
            +---------+---------+-------+---------+---------+-------
      Total |      12 |       4 |  25.0 |       7 |       1 |  12.5
            +---------+---------+-------+---------+---------+-------
        D:1 |      12 |       4 |  25.0 |       7 |       1 |  12.5
            +---------+---------+-------+---------+---------+-------
